cohdb
Replays
Latest Replays
All Replays
Popular Replays
Top Player Replays
Match Explorer
How It Works
Community
CoH3 Stats
Reddit
Sign in to upload your games and track your stats! →
Sign in with Steam
Match 40212752
Unlisted
Match 40212752
Overview
Messages
Build Orders
End
Kradschützen Motorcycle Team
250 Light Carrier
Selects Armored Support Battlegroup
Panzergrenadier Squad
Panzergrenadier Squad
Construct Light Support Kompanie
Selects Salvage Kits
250 Light Carrier
Selects Superior Fire Drills
Assault Mechanized Group
Panzerjäger Squad
Construct Mechanized Kompanie
Support Armor Elements
Selects Panzer Storm
StuG III D Assault Gun
2.5-tonne Medical Truck
Pak 38 Mechanized Group
StuG III D Assault Gun
StuG III D Assault Gun
Tungsten Core Ammunition
Selects Stuka Anti-tank Loiter
Pak 38 Mechanized Group
2.5-tonne Medical Truck
Construct Panzerarmee Kommand
Armored Reserves
Pak 38 Mechanized Group
Selects Flammpanzer III Medium Tank
Selects Battlefield Salvage
Stuka Anti-tank Loiter
StuG III D Assault Gun
deadsadbadmad
GloriousBastard
0
0
Comments
sign in to comment!
No comments posted yet!